 Dungeon Crawl Stone Soup version 0.31-a0-175-g9f7f995f2b (webtiles) character file.

Game seed: 11886635954929339498

88 Moral the Trooper (level 4, -10/36 HPs)
             Began as a Demonspawn Fighter on June 17, 2023.
             Killed from afar by Ijyb (16 damage)
             ... with an iceblast
             ... on level 3 of the Dungeon.
             The game lasted 00:06:09 (1974 turns).

Moral the Trooper (Demonspawn Fighter)              Turns: 1974, Time: 00:06:10

Health: -10/36     AC:  6    Str: 18    XL:     4   Next: 29%
Magic:  4/4        EV:  9    Int:  9    God:
Gold:   72         SH:  4    Dex: 13    Spells: 3/3 levels left

rFire   . . .        a - +0 long sword
rCold   . . .        c - +0 buckler
rNeg    . . .        b - +0 scale mail
rPois   .            m - +0 hat
rElec   .            (no cloak)
rCorr   .            (no gloves)
SInv    .            (no boots)
Will    .....        (no amulet) Stlth
                     (no ring)
HPRegen 0.26/turn    (no ring)
MPRegen 0.18/turn

%: no passive effects
@: no status effects
A: foul stench 1, magic regeneration
a: no special abilities


You were on level 3 of the Dungeon.
You visited 1 branch of the dungeon, and saw 3 of its levels.

You collected 72 gold pieces.

Inventory:

Hand Weapons
 a - a +0 long sword (weapon)
 n - the +4 long sword "Wamoitwe" {holy, MP-9 Int+5}
   (You found it on level 2 of the Dungeon)

   Int:       It affects your intelligence (+5).
   MP:        It affects your magic capacity (-9).
Armour
 b - a +0 scale mail (worn)
 c - a +0 buckler (worn)
 l - a +0 plate armour
 m - a +0 hat (worn)
Scrolls
 g - 2 scrolls of teleportation
 j - 2 scrolls of noise {unknown}
 k - a scroll of vulnerability {unknown}
 o - a scroll of brand weapon {unknown}
Potions
 d - a potion of might
 e - a potion of brilliance {unknown}
 h - a potion of mutation {unknown}
 i - 3 potions of curing {unknown}
 p - a potion of attraction {unknown}


   Skills:
 + Level 3.6 Fighting
 + Level 2.5 Long Blades
 + Level 3.3 Armour
 + Level 3.3 Shields


You had 3 spell levels left.
You didn't know any spells.
Your spell library contained the following spells:

 Spells                   Type           Power      Damage    Failure   Level
 Magic Dart               Conj           0%         1d3       85%         1
 Call Imp                 Summ           0%         N/A       94%         2
 Cigotuvi's Dreadful Rot  Necr/Pois/Air  0%         N/A       94%         2
 Frozen Ramparts          Ice            0%         1d1       99%         3
 Ignite Poison            Fire/Tmut/Pois 0%         N/A       99%         3
 Mephitic Cloud           Conj/Pois/Air  0%         N/A       99%         3
 Ice Form                 Ice/Tmut       0%         N/A       100%        4
 Summon Ice Beast         Ice/Summ       0%         N/A       100%        4
 Freezing Cloud           Conj/Ice/Air   0%         6-21      100%        5


Dungeon Overview and Level Annotations

Branches:
Dungeon (3/15)

Altars:

Annotations:
D:3 Ijyb


Innate Abilities, Weirdness & Mutations

You may rarely emit foul miasma when damaged in melee.
You regenerate magic rapidly.


Message History

There are monsters nearby!
Ijyb shouts!
You hear a shout! 2 orcs come into view.
The orc shouts!
The orc moves out of view.
An orc comes into view. It is wielding a +0 flail.
The orc shouts!
You block the orc's attack.
Ijyb drinks a potion.
Ijyb flickers and vanishes!
Deactivating autopickup; reactivate with Ctrl-A.
You hit the orc.
The orc is heavily wounded.
The orc hits you but does no damage. The orc hits you with a +0 dagger.
You hear a zap.
An iceblast appears from out of thin air!
The mass of ice explodes!
The iceblast engulfs the orc!!
The orc dies!
The iceblast engulfs something!
The iceblast engulfs you!
You hear a zap.
An iceblast appears from out of thin air!
The mass of ice explodes!
The iceblast engulfs you!
* * * LOW HITPOINT WARNING * * *
Okay, then.
As you read the scroll labelled HAELIS EVONO, it crumbles to dust.
It is a scroll of identify.
g - 2 scrolls of teleportation
Okay, then.
The orc barely misses you. The orc closely misses you.
You barely miss the orc. The orc hits you but does no damage.
You closely miss the orc. You slash the orc!
You kill the orc!
The orc hits you from afar with a +0 trident!
* * * LOW HITPOINT WARNING * * *
The orc hits you from afar with a +0 trident.
* * * LOW HITPOINT WARNING * * *
You hear a zap.
An iceblast appears from out of thin air!
The mass of ice explodes!
The iceblast engulfs you!
You die...

.)# #.......## ..#
#........## #.#
#..)))....### ..#
#...........##### ..#
#................ #.#
#.oo............. ..#
#.####o.oo....... .o# #.#
###.#{#..... #o# #o#
#...#@# .... ..# #.#
#.###.###... ..# #.#
#.#.....#.. ##### #.# #o#
#.#######.. #...#
..######o# #.~≈≈≈≈≈≈.#
#.#.# ..##.o...#
#.#######.# #.#.#
..o..###.# #.#.....#.#
#.#<# ###### #.#
#.###.###.#####.###.#
#.###...#.#.............#


You could see 2 orcs.

Vanquished Creatures
  An orc priest (D:3)
  2 adders (D:2)
  3 orcs (D:3)
  3 endoplasms
  2 giant cockroaches
  7 hobgoblins
  3 jackals (D:1)
  A quokka (D:2)
  4 ball pythons (D:1)
  3 bats
  2 frilled lizards (D:2)
  2 goblins
  A kobold (D:1)
  2 rats (D:1)
36 creatures vanquished.

Vanquished Creatures (others)
  An orc (D:3)
1 creature vanquished.

Grand Total: 37 creatures vanquished

Notes
Turn   | Place    | Note
-------+----------+-------------------------------------------
     0 | D:1      | Moral the Demonspawn Fighter began the quest for the Orb.
     0 | D:1      | Reached XP level 1. HP: 18/18 MP: 1/1
   221 | D:1      | Gained mutation: You may rarely emit foul miasma when
                  | damaged in melee. [demonic ancestry]
   221 | D:1      | Reached XP level 2. HP: 20/24 MP: 2/2
   270 | D:1      | Found a faded altar of an unknown god.
  1027 | D:2      | Gained mutation: You regenerate magic rapidly. [demonic
                  | ancestry]
  1027 | D:2      | Reached XP level 3. HP: 29/29 MP: 3/3
  1273 | D:2      | Identified the +4 long sword "Wamoitwe" {holy, MP-9 Int+5}
  1670 | D:3      | Reached XP level 4. HP: 6/35 MP: 4/4
  1929 | D:3      | Noticed Ijyb
  1974 | D:3      | Killed from afar by Ijyb

Illustrated notes

Levels and vault maps discovered:
D:1:      psy_arrival_spokes, layout_basic,
          shapermc_ecumenical_altar_totnotflames
D:2:      layout_loops_corners
D:3:      layout_basic, kennysheep_orc_sif_temple, columned_hall_lemuel,
          grunt_decor_cap, uniq_ijyb

Skill      XL: |  1  2 |
---------------+-------+-----
Long Blades    | 2 |  2.5
Armour         | 3 |  3.3
Shields        | 3 |  3.3
Fighting       | |  3.6

Action                     |  1- 3 |  4- 6 || total
---------------------------+-------+-------++-------
  Melee: Long sword        |    95 |    16 ||   111
    Use: Scroll            |       |     1 ||     1
 Armour: Scale mail        |    64 |    11 ||    75
  Dodge: Dodged            |    48 |    10 ||    58
  Block: Buckler           |    28 |     7 ||    35

Table legend: (Time is in decaauts)
 A = Elapsed time spent in this place.
 B = Non-inter-level travel time spent in this place.
 C = Inter-level travel time spent in this place.
 D = Time resting spent in this place.
 E = Time spent auto-exploring this place.
 F = Levels seen in this place.
 G = Mean time per level.
                   A        B        C        D        E       F      G
               +--------+--------+--------+--------+--------+-----+--------+
         Total |   2011 |   2011 |      0 |    218 |   1425 |   3 |  670.3 |
       Dungeon |   2011 |   2011 |      0 |    218 |   1425 |   3 |  670.3 |
               +--------+--------+--------+--------+--------+-----+--------+

Top non-repeatable levels by time:
     D:2: 852 daAuts
     D:1: 795 daAuts
     D:3: 362 daAuts
